 Dungeon Crawl Stone Soup version 0.30.1-9-gdf580d7c3d (webtiles) character file.

Game seed: 3094864919696785199

388 fireball365 the Chopper (level 6, -8/55 HPs)
             Began as a Hill Orc Fighter on Oct 8, 2023.
             Was an Initiate of Gozag.
             Mangled by an ogre
             ... wielding a +0 giant club
              (17 damage)
             ... on level 4 of the Dungeon.
             The game lasted 00:05:19 (2959 turns).

fireball365 the Chopper (Hill Orc Fighter)          Turns: 2959, Time: 00:05:20

Health: -8/55      AC: 18    Str: 21    XL:     6   Next: 79%
Magic:  0/6        EV:  6    Int:  8    God:    Gozag
Gold:   157        SH:  4    Dex: 10    Spells: 5/5 levels left

rFire   . . .        a - +0 war axe
rCold   + . .        c - +0 buckler
rNeg    . . .        v - +0 plate armour
rPois   .            o - +1 helmet
rElec   .            j - +2 cloak
rCorr   .            e - +0 pair of gloves
SInv    .            (no boots)
Will    .....        h - amulet of guardian spirit Stlth
                     i - ring of protection from cold
HPRegen 0.29/turn    (no ring)
MPRegen 0.10/turn

%: guardian spirit
@: no status effects
A: no striking features
a: Renounce Religion, Potion Petition, Call Merchant, Bribe Branch


You were on level 4 of the Dungeon.
You worshipped Gozag.
Gozag was aware of your devotion.
You visited 1 branch of the dungeon, and saw 4 of its levels.

You collected 209 gold pieces.
You paid 52 gold pieces to Gozag.

Inventory:

Hand Weapons
 a - a +0 war axe (weapon)
Missiles
 r - 2 throwing nets (quivered)
 s - 6 poisoned darts
Armour
 c - a +0 buckler (worn)
 e - a +0 pair of gloves (worn)
 j - a +2 cloak (worn)
 o - a +1 helmet (worn)
 q - a +0 chain mail
 v - a +0 plate armour (worn)
Jewellery
 h - an amulet of guardian spirit (around neck)
 i - a ring of protection from cold (left hand)
Wands
 t - a wand of flame (5)
Scrolls
 b - 2 scrolls of teleportation {unknown}
 p - a scroll of identify
Potions
 d - 2 potions of might
 f - a potion of invisibility {unknown}
 g - 3 potions of flight
 k - 2 potions of brilliance {unknown}
 l - a potion of resistance {unknown}
 m - a potion of lignification {unknown}
 n - a potion of magic {unknown}
 u - 2 potions of berserk rage {unknown}


   Skills:
 + Level 4.8 Fighting
 + Level 6.6 Axes
 + Level 4.7 Armour
 + Level 0.5 Dodging
 + Level 0.1 Stealth
 + Level 4.1 Shields


You had 5 spell levels left.
You didn't know any spells.
Your spell library contained the following spells:

 Spells                   Type           Power      Damage    Failure   Level
 Static Discharge         Conj/Air       0%         2-2/arc   100%        2
 Airstrike                Air            0%         2d(0-16)  100%        4
 Summon Lightning Spire   Summ/Air       0%         N/A       100%        4


Dungeon Overview and Level Annotations

Branches:
Dungeon (4/15)
 Temple: D:4-7

Altars:
Gozag


Message History

The quokka bites you but does no damage.
You barely miss the quokka. The quokka barely misses you.
The quokka closely misses you.
You closely miss the quokka. You block the quokka's attack.
An ogre comes into view. It is wielding a +0 giant club.
You barely miss the quokka. The quokka closely misses you.
The quokka barely misses you.
You hit the quokka.
The quokka is almost dead.
The quokka bites you but does no damage.
You closely miss the quokka.
The quokka is almost dead.
The quokka bites you but does no damage.
You hit the quokka.
You kill the quokka!
You hit the ogre.
The ogre is lightly wounded.
You block the ogre's attack.
You hit the ogre but do no damage.
The ogre is lightly wounded.
The ogre hits you with a +0 giant club!
You barely miss the ogre.
The ogre is lightly wounded.
You hit the ogre.
The ogre is moderately wounded.
The ogre hits you with a +0 giant club!!
You hit the ogre.
The ogre is moderately wounded.
The ogre hits you with a +0 giant club!
You hit the ogre but do no damage.
The ogre is moderately wounded.
The ogre hits you with a +0 giant club!
* * * LOW HITPOINT WARNING * * *
You slash the ogre!
The ogre is severely wounded.
You hit the ogre.
The ogre is almost dead.
The ogre hits you with a +0 giant club!!
You die...
Your body crumbles into a pile of gold.

#......#
#>##.......##.≈
..####.#
#.##..........≈
...# #.#
#.##.##.####..≈
.#..####.###.##.
#. ##..
.........##.# ..
#.≈ #..........#
## #§.
#.:###.>#### ###
#..####..#
#$@.......
##O####..# #.#
#.# ... ... ...#
##.##


You could see an ogre.

Vanquished Creatures
  A howler monkey (D:2)
  A jelly (D:4)
  A gnoll bouda (D:4)
  Ijyb (D:4)
  Terence (D:3)
  An orc wizard (D:4)
  9 gnolls
  6 adders
  2 worms
  A dart slug (D:1)
  3 orcs (D:4)
  5 ball pythons
  7 endoplasms
  2 giant cockroaches
  5 goblins
  6 hobgoblins
  6 jackals
  6 kobolds
  A quokka (D:4)
  2 bats
  5 frilled lizards
  2 rats
74 creatures vanquished.

Notes
Turn   | Place    | Note
-------+----------+-------------------------------------------
     0 | D:1      | fireball365 the Hill Orc Fighter began the quest for the
                  | Orb.
     0 | D:1      | Reached XP level 1. HP: 19/19 MP: 1/1
    79 | D:1      | Reached XP level 2. HP: 25/27 MP: 2/2
    84 | D:1      | Reached skill level 3 in Axes
   439 | D:1      | Reached XP level 3. HP: 31/33 MP: 1/3
   724 | D:2      | Reached skill level 4 in Axes
   729 | D:2      | Reached XP level 4. HP: 14/40 MP: 4/4
   955 | D:2      | Reached XP level 5. HP: 43/47 MP: 3/5
  1063 | D:2      | Found a faded altar of an unknown god.
  1246 | D:2      | Reached skill level 5 in Axes
  2076 | D:3      | Noticed Terence
  2096 | D:3      | Killed Terence
  2634 | D:4      | Reached XP level 6. HP: 27/53 MP: 4/6
  2676 | D:4      | Reached skill level 6 in Axes
  2692 | D:4      | Found an opulent altar of Gozag.
  2714 | D:4      | Became a worshipper of Gozag Ym Sagoz the Greedy
  2832 | D:4      | Noticed Ijyb
  2844 | D:4      | Killed Ijyb
  2959 | D:4      | Mangled by an ogre

Illustrated notes

Levels and vault maps discovered:
D:1:      dpeg_arrival_yet_another_circle, layout_rooms, hangedman_glass_teeth,
          minmay_ruptured
D:2:      layout_loops_ring, chequers_ecumenical_altar_lobes
D:3:      layout_basic, uniq_terence
D:4:      layout_loops_ring, mainiacjoe_overflow_cross_hatched,
          minmay_tree_intersection, minmay_misc_feat_five,
          minmay_misc_feat_hallway, uniq_ijyb

Skill      XL: |  1  2  3  4  5  6 |
---------------+-------------------+-----
Axes           | 3 4 5 6 |  6.6
Fighting       | 4 |  4.8
Armour         | 4 |  4.7
Shields        | 4 |  4.1
Dodging        | |  0.5
Stealth        | |  0.1

Action                     |  1- 3 |  4- 6 || total
---------------------------+-------+-------++-------
  Melee: War axe           |    65 |   164 ||   229
    Use: Scroll            |       |     3 ||     3
 Armour: Scale mail        |    39 |    36 ||    75
         Chain mail        |       |    46 ||    46
         Plate armour      |       |     5 ||     5
  Dodge: Dodged            |    34 |    67 ||   101
  Block: Buckler           |    20 |    33 ||    53
